 Dungeon Crawl Stone Soup version 0.25-a0-489-g9ae84a01e3 (webtiles) character file.

Game seed: 6602351234306915534, levelgen mode: deterministic

89 Erk the Magician (level 4, 0/24 HPs)
             Began as a Deep Elf Wizard on Feb 11, 2020.
             Slain by an orc
             ... wielding a +0 hand axe
              (7 damage)
             ... on level 3 of the Dungeon.
             The game lasted 00:05:50 (1423 turns).

Erk the Magician (Deep Elf Wizard)                  Turns: 1423, Time: 00:05:51

Health: 0/24       AC:  2    Str:  4    XL:     4   Next: 31%
Magic:  7/13       EV: 13    Int: 24    God:
Gold:   99         SH:  0    Dex: 13    Spells: 8/13 levels left

rFire    . . .     SeeInvis .   i - +0 whip
rCold    + . .     Gourm    .   (no shield)
rNeg     . . .     Faith    .   a - +0 robe
rPois    .         Spirit   .   b - +0 hat
rElec    .         Reflect  .   (no cloak)
rCorr    .         Harm     .   (no gloves)
MR       .....                  (no boots)
Stlth    ++........             (no amulet)
HPRegen  0.08/turn              f - ring of protection from cold
MPRegen  0.13/turn              (no ring)

@: very slightly contaminated
A: no striking features
a: no special abilities


You were on level 3 of the Dungeon.
You were not hungry.

You visited 1 branch of the dungeon, and saw 4 of its levels.

You collected 99 gold pieces.

Inventory:

Hand Weapons
 g - a +0 dagger
 i - a +0 whip (weapon)
Armour
 a - a +0 robe (worn)
 b - a +0 hat (worn)
Jewellery
 f - a ring of protection from cold (left hand)
Scrolls
 c - a scroll of remove curse {unknown}
 h - a scroll of enchant armour {unknown}
 k - a scroll of enchant weapon {unknown}
 l - a scroll of noise {unknown}
 m - a scroll of immolation {unknown}
Potions
 e - 2 potions of ambrosia {unknown}
Comestibles
 d - 2 rations


   Skills:
 + Level 3.4 Dodging
 + Level 3.4 Stealth
 + Level 5.1 Spellcasting
 + Level 2.3 Conjurations
 + Level 1.4 Hexes
   Level 1.1 Summonings
 - Level 1.1 Translocations


You had 8 spell levels left.
You knew the following spells:

 Your Spells              Type           Power        Failure   Level  Hunger
a - Magic Dart            Conj           ###.         3%          1    None
b - Blink                 Tloc           N/A          9%          2    None
c - Slow                  Hex            ##......     8%          2    None

Your spell library contained the following spells:

 Spells                   Type           Power        Failure   Level  Hunger
 Call Imp                 Summ           ##......     9%          2    None
 Conjure Flame            Conj/Fire      ##......     16%         3    ##.....
 Mephitic Cloud           Conj/Pois/Air  #.......     19%         3    ##.....


Dungeon Overview and Level Annotations

Branches:
Dungeon (4/15)
 Temple: D:4-7

Altars:

Annotations:
D:2 Sigmund


Message History

Aim: an orc, wielding a +0 hand axe and wearing a +0 chain mail (lightly wounded)
You miscast Magic Dart.
You are very lightly contaminated with residual magic.
Nothing appears to happen.
The orc closely misses you.
Casting: Magic Dart (safe; 3% risk of failure)
Confirm with . or Enter, or press ? or * to list all spells.
Aiming: Magic Dart (safe; 3% risk of failure)
Press: ? - help, Shift-Dir - straight line, f/p - orc
Aim: an orc, wielding a +0 hand axe and wearing a +0 chain mail (lightly wounded)
The magic dart hits the orc but does no damage.
The orc is lightly wounded.
The orc hits you with a +0 hand axe!
* * * LOW HITPOINT WARNING * * *
Casting: Magic Dart (safe; 3% risk of failure)
Confirm with . or Enter, or press ? or * to list all spells.
Aiming: Slow (safe; 8% risk of failure)
Press: ? - help, Shift-Dir - straight line, f/p - orc
Aim: an orc, wielding a +0 hand axe and wearing a +0 chain mail (lightly wounded, chance to defeat MR: 67%)
The orc struggles to resist.
The orc hits you with a +0 hand axe!
You die...

#.#>..#########.#.##
#......# ##.##
#.#...## ##.##
#)##.## ##...##
..##.# ##.....##
####.# #.......# #+#
##.....## ##...##
###@## ##.#o#
####....#######
+..............
###.....###.###
#.#.#.# #.###># #
#..# ##.#


You could see an orc.

Vanquished Creatures
  A hound (D:4)
  An adder (D:2)
  An ooze (D:1)
  3 dart slugs (D:1)
  2 leopard geckos (D:1)
  A bat (D:2)
  A giant cockroach (D:3)
  3 goblins
  10 hobgoblins
  2 jackals (D:1)
  5 frilled lizards
  5 kobolds
  5 rats
40 creatures vanquished.

Notes
Turn   | Place    | Note
-------+----------+-------------------------------------------
     0 | D:1      | Erk the Deep Elf Wizard began the quest for the Orb.
     0 | D:1      | Reached XP level 1. HP: 10/10 MP: 7/7
   220 | D:1      | Reached XP level 2. HP: 8/15 MP: 5/9
   575 | D:1      | Learned a level 2 spell: Blink
   578 | D:1      | Learned a level 2 spell: Slow
   736 | D:1      | Reached XP level 3. HP: 17/19 MP: 6/11
  1003 | D:2      | Reached skill level 5 in Spellcasting
  1033 | D:2      | Reached skill level 1 in Hexes
  1097 | D:2      | Noticed Sigmund
  1097 | D:2      | You fall into a shaft and drop 1 floor!
  1209 | D:4      | Reached XP level 4. HP: 7/24 MP: 1/13
  1423 | D:3      | Slain by an orc

Levels and vault maps discovered:
D:1:      dpeg_arrival_rooms_a, layout_basic
D:2:      layout_rooms, uniq_sigmund
D:3:      layout_loops_corners, chequers_ecumenical_altar_island, uniq_ijyb
D:4:      layout_layer_cave, first_ration, serial_shops, shop,
          minmay_misc_feat_iff

Skill      XL: |  1  2  3 |
---------------+----------+-----
Stealth        | 3 |  3.4
Dodging        | 3 |  3.4
Conjurations   | 2 |  2.3
Spellcasting   | 5 |  5.1
Hexes          | 1 |  1.4
Summonings     | |  1.1
Translocations | |  1.1

Action                   |  1- 3 |  4- 6 || total
-------------------------+-------+-------++-------
 Cast: Magic Dart        |   100 |     5 ||   105
       Slow              |     1 |     1 ||     2
  Eat: Chunk             |     1 |       ||     1
Armor: Robe              |     1 |       ||     1
Dodge: Dodged            |    17 |     2 ||    19

Table legend:
 A = Non-vault XP
 B = Vault XP
 C = Vault XP percentage of total XP
 D = Non-vault monster count
 E = Vault monster count
 F = Vault count percentage of total count
                 A         B        C        D         E       F
            +---------+---------+-------+---------+---------+-------
      Total |     128 |       0 |   0.0 |      40 |       0 |   0.0
            +---------+---------+-------+---------+---------+-------
        D:1 |      59 |       0 |   0.0 |      28 |       0 |   0.0
        D:2 |      27 |       0 |   0.0 |      10 |       0 |   0.0
        D:3 |       2 |       0 |   0.0 |       1 |       0 |   0.0
        D:4 |      40 |       0 |   0.0 |       1 |       0 |   0.0
            +---------+---------+-------+---------+---------+-------
